AoeStats
← Wimdit

Arabia

508830824Analyzed
1v1 RM · 8d ago on Sep 24, 2026· 54m 48s· 2 players
Game mode
Random Map
Map size
Tiny (2 player)
Population
200
Speed
Normal
Resources
Standard
Victory
Conquest
Starting age
Dark Age
Ending age
Imperial Age
RankedLock teamsTeams togetherTeam positionsShared explorationLock speedFull tech treeHidden civsTurbo modeCheats
Victory
Defeat
🇦🇺 Byzantines · Australia
1211
+14
🇦🇹 Franks · Austria
1170
-14
what_is_your_strategy
10:00 Feudal Age
10:16 Loom
14:49 Double-Bit Axe
18:40 Gold Mining
18:44 Stone Mining
22:26 Castle Age
21:06 Wheelbarrow
21:17 Scale Barding Armor
21:43 Stone Mining
23:52 Town Watch
24:35 Chain Barding Armor
27:02 Gold Shaft Mining
34:50 Hand Cart
35:45 Forging
40:13 Imperial Age
45:23 Plate Barding Armor
45:24 Iron Casting
44:11 Cavalier
45:39 Heavy Scorpion
48:45 Blast Furnace
51:47 Paladin
Wimdit
7:21 Loom
9:41 Feudal Age
10:24 Double-Bit Axe
10:21 Horse Collar
20:43 Castle Age
19:09 Gold Mining
21:40 Wheelbarrow
22:35 Fletching
22:46 Padded Archer Armor
22:11 Crossbowman
24:30 Bow Saw
25:26 Bodkin Arrow
25:46 Leather Archer Armor
27:45 Ballistics
34:06 Pikeman
38:06 Imperial Age
35:49 Scale Mail Armor
36:01 Forging
35:55 Squires
38:01 Hand Cart
38:12 Chain Mail Armor
38:32 Iron Casting
38:27 Thumb Ring
38:19 Arson
39:42 Plate Mail Armor
39:39 Heavy Plow
40:10 Bracer
40:52 Conscription
40:27 Halberdier
43:30 Two-Man Saw
43:01 Elite Varangian Guard
44:15 Gambesons
48:50 Ring Archer Armor
48:26 Scale Barding Armor
50:14 Capped Ram
52:21 Siege Ram
54:15 Chemistry
52:58 Treadmill Crane
53:15 Murder Holes
55:22 Chain Barding Armor
Connection lost

Rejoining the realm…

Still unreachable

The connection could not be restored.

Session expired

The server has moved on; the page needs a fresh start.